 Dungeon Crawl Stone Soup version 0.23.2-40-g277498a001 (webtiles) character file.

Game seed: 17007297412271513033

3109 MalarOregon the Slicer (level 9, -2/63 (65) HPs)
             Began as a Merfolk Enchanter on Aug 20, 2019.
             Was an Initiate of Gozag.
             Slain by a two-headed ogre (5 damage)
             ... on level 7 of the Dungeon.
             The game lasted 00:21:45 (8443 turns).

MalarOregon the Slicer (Merfolk Enchanter)          Turns: 8443, Time: 00:21:45

HP:   -2/63 (65)    AC:  6    Str: 17    XL:     9   Next: 91%
MP:   5/15          EV: 13    Int: 18    God:    Gozag
Gold: 940           SH:  0    Dex: 12    Spells: 5/16 levels left

rFire    . . .     SeeInvis .   b - +1 dagger (venom)
rCold    + . .     Gourm    .   (no shield)
rNeg     . . .     Faith    .   v - +1 leather armour of Tender Moments {+Inv MR+ Str+9 Dex-2}
rPois    .         Spirit   .   j - +0 helmet
rElec    .         Reflect  .   (no cloak)
rCorr    .         Harm     .   (no gloves)
MR       +....                  k - +0 pair of boots
Stlth    +++.......             (no amulet)
HPRegen  0.20/turn              o - ring of protection from cold
MPRegen  0.14/turn              (no ring)

@: no status effects
A: change form in water, swift swim, stealthy swim
a: Potion Petition, Call Merchant, Bribe Branch, Renounce Religion, Evoke
Invisibility


You were on level 7 of the Dungeon.
You worshipped Gozag.
Gozag was pleased with you.
You were not hungry.

You visited 2 branches of the dungeon, and saw 9 of its levels.
You also visited: Sewer.

You collected 1074 gold pieces.
You paid 134 gold pieces to Gozag.

Inventory:

Hand Weapons
 a - a +2 dagger of draining
   (You took it off a goblin on level 3 of the Dungeon)
 b - a +1 dagger of venom (weapon)
   (You took it off Ijyb on level 5 of the Dungeon)
Armour
 j - a +0 helmet (worn)
   (You found it on level 2 of the Dungeon)
 k - a +0 pair of boots (worn)
   (You found it on level 2 of the Dungeon)
 v - the +1 leather armour of Tender Moments (worn) {+Inv MR+ Str+9 Dex-2}
   (You found it on level 4 of the Dungeon)

   It affects your strength (+9).
   It affects your dexterity (-2).
   It affects your resistance to hostile enchantments.
   It lets you turn invisible.
Jewellery
 o - a ring of protection from cold (left hand)
   (You found it on level 5 of the Dungeon)
 q - an uncursed ring of ice
   (You found it on level 4 of the Dungeon)
 s - a +5 ring of evasion
   (You took it off a crimson imp on level 6 of the Dungeon)
 y - an uncursed ring of protection from fire {unknown}
   (You found it on level 6 of the Dungeon)
Wands
 d - a wand of iceblast (24)
   (You took it off Ijyb on level 5 of the Dungeon)
 w - a wand of clouds (1)
   (You found it on level 7 of the Dungeon)
 x - a wand of acid (9)
   (You found it on level 6 of the Dungeon)
Scrolls
 i - 2 scrolls of blinking
 m - 6 scrolls of teleportation {@r4}
 n - 2 scrolls of fear
 p - a scroll of brand weapon {unknown}
 u - 12 scrolls of identify {unknown}
Potions
 c - 2 potions of brilliance {unknown}
 f - a potion of magic {unknown}
 g - a potion of might
 h - 5 potions of curing {unknown}
 l - a potion of degeneration {!q}
 r - 2 potions of berserk rage {unknown}
 t - 3 potions of mutation {unknown}
 z - a potion of haste {@q3}
Comestibles
 e - 7 rations {!d}


   Skills:
 - Level 4.0 Fighting
 * Level 9.7 Short Blades
 - Level 4.0 Dodging
 + Level 7.4 Stealth
 - Level 4.0 Spellcasting
 - Level 4.0 Hexes
 - Level 4.0 Ice Magic
 + Level 5.0 Evocations


You had 5 spell levels left.
You knew the following spells:

 Your Spells              Type           Power        Failure   Level  Hunger
c - Confuse               Hex            ###.....     11%         3    ###....
d - Tukima's Dance        Hex            ###.....     11%         3    ###....
s - Dazzling Spray        Conj/Hex       ##....       24%         3    ###....
x - Ensorcelled Hibernat  Hex/Ice        ###...       5%          2    ##.....

Your spell library contained the following spells:

 Spells                   Type           Power        Failure   Level  Hunger
 Corona                   Hex            ###....      3%          1    None


Dungeon Overview and Level Annotations

Branches:
Dungeon (8/15)             Temple (1/1) D:6
   Lair: D:8-11

Altars:
Ashenzari
Dithmenos
Elyvilon
Fedhas
Gozag
Makhleb
Nemelex Xobeh
Okawaru
Qazlal
Ru
Trog
Uskayaw
Wu Jian
Xom
Yredelemnul
The Shining One


Message History

Aim: a two-headed ogre, wielding a +0 giant club (moderately wounded, chance to defeat MR: 38%)
The +0 giant club dances into the air!
What are your orders? t - Shout!
Orders for allies: a - Attack new target. p - Attack previous target. r - Retreat! s - Stop attacking. g - Guard the area. f - Follow me.
Anything else - Cancel.
Gang up on whom?
Aim: a two-headed ogre (moderately wounded) Attack!
You see here a mace.
You swap places.
The two-headed ogre hits your +0 giant club!
You swap places.
What are your orders? t - Shout!
Orders for allies: a - Attack new target. p - Attack previous target. r - Retreat! s - Stop attacking. g - Guard the area. f - Follow me.
Anything else - Cancel.
Gang up on whom?
Aim: a two-headed ogre (lightly wounded)
Okay, then.
Aim: a two-headed ogre (lightly wounded, chance to defeat MR: 31%)
The two-headed ogre easily resists.
Your +0 giant club hits the two-headed ogre!
Wield which item (- for none, * to show all)? (? for menu, Esc to quit)
Your +1 dagger of venom begins to drip with poison!
b - a +1 dagger of venom (weapon)
You hit the two-headed ogre but do no damage.
The two-headed ogre hits you.
* * * LOW HITPOINT WARNING * * *
The two-headed ogre hits you.
* * * LOW HITPOINT WARNING * * *
Unknown command.
You hit the two-headed ogre but do no damage.
The two-headed ogre is poisoned.
Unknown command.
You see here a long sword.
There is a stone staircase leading down, spattered with blood here.
The two-headed ogre looks more healthy.
You hit the two-headed ogre.
The two-headed ogre is poisoned.
The two-headed ogre barely misses you. The two-headed ogre hits you.
* * * LOW HITPOINT WARNING * * *
The two-headed ogre hits you!
* * * LOW HITPOINT WARNING * * *
The two-headed ogre hits you.
You die...
Your body crumbles into a pile of gold.

...#.....###......#
##.....#.)#..#....#
####..###...#######
.###...........#
..........#.##.###
#...#######....).# #########
###..# #####..#####.......#
##.# #O.....#.......# #>###
#.@....#.......# #...#
###....#...>...#
###.##########)...........#
#### #..##...........#.......#
...####.)....#########.......#
....# ####...# #.......#
.##.## #...# #.......#
##...#####...# #########
#.....##.....#


You could see a two-headed ogre.

Vanquished Creatures
  A hippogriff (D:7)
  Sigmund (D:5)
  Edmund (D:5)
  A sky beast (D:7)
  An orc warrior (D:7)
  An ice beast (D:6)
  2 ogres
  A necrophage (D:6)
  6 centaurs
  2 bullfrogs (D:7)
  A big kobold (D:7)
  A scorpion (D:4)
  A howler monkey (D:4)
  4 crimson imps
  A bullfrog zombie (D:5)
  A centaur zombie (D:6)
  A quasit (D:5)
  4 hounds
  2 jellies
  3 orc priests
  8 orc wizards
  A bullfrog skeleton (D:6)
  Ijyb (D:5)
  An iguana (D:5)
  5 worker ants
  2 hound zombies (D:6)
  4 hound skeletons
  6 gnolls
  8 river rats (Sewer)
  7 adders
  2 shadow imps
  An ooze (D:4)
  An adder zombie (D:6)
  A worm (D:2)
  2 dart slugs
  10 leopard geckos
  26 orcs
  4 giant cockroaches
  4 goblins
  7 hobgoblins
  15 jackals
  11 kobolds
  3 quokkas
  2 ball pythons
  8 bats
  16 frilled lizards
  A quokka zombie (D:5)
  17 rats
210 creatures vanquished.

Vanquished Creatures (others)
  A dancing weapon (D:7)
  An orc (D:5)
2 creatures vanquished.

Grand Total: 212 creatures vanquished

Notes
Turn   | Place    | Note
-------+----------+-------------------------------------------
     0 | D:1      | MalarOregon the Merfolk Enchanter began the quest for the
                  | Orb.
     0 | D:1      | Reached XP level 1. HP: 13/13 MP: 3/3
    47 | D:1      | Reached XP level 2. HP: 4/19 MP: 0/5
   299 | D:1      | Learned a level 2 spell: Ensorcelled Hibernation
   708 | D:1      | Reached skill level 2 in Short Blades
   884 | D:1      | Reached XP level 3. HP: 21/25 MP: 6/6
  1710 | D:2      | Reached skill level 1 in Fighting
  1834 | D:2      | Reached XP level 4. HP: 29/32 MP: 4/7
  2622 | D:3      | Reached skill level 1 in Ice Magic
  2632 | D:3      | Reached skill level 3 in Short Blades
  2632 | D:3      | Reached XP level 5. HP: 37/37 MP: 0/8
  2800 | D:4      | Got a sapphire-studded leather armour
  2896 | D:4      | Reached XP level 6. HP: 29/44 MP: 2/9
  3060 | D:4      | Reached skill level 4 in Short Blades
  3285 | D:4      | Found a shattered altar of Ashenzari.
  3285 | D:4      | Found a sparkling altar of Nemelex Xobeh.
  3476 | D:4      | Identified the cursed +1 leather armour of Tender Moments
                  | {+Inv MR+ Str+9 Dex-2} (You found it on level 4 of the
                  | Dungeon)
  3480 | D:5      | Entered Level 5 of the Dungeon
  3669 | D:5      | Reached XP level 7. HP: 25/51 MP: 9/11
  4207 | D:5      | Learned a level 3 spell: Confuse
  4211 | D:5      | Learned a level 3 spell: Tukima's Dance
  4215 | D:5      | Learned a level 3 spell: Dazzling Spray
  4225 | D:5      | Noticed Sigmund
  4627 | D:5      | Reached skill level 1 in Evocations
  4903 | D:5      | Noticed Edmund
  4920 | D:5      | Killed Edmund
  4920 | D:5      | Reached skill level 5 in Short Blades
  5021 | D:5      | Killed Sigmund
  5021 | D:5      | Reached XP level 8. HP: 58/58 MP: 9/13
  5027 | D:5      | Found a basalt altar of Yredelemnul.
  5031 | D:5      | Noticed Ijyb
  5041 | D:5      | Killed Ijyb
  5199 | D:5      | Found a glowing golden altar of the Shining One.
  5209 | D:5      | Noticed an angel
  5542 | D:5      | Found a white marble altar of Elyvilon.
  5649 | D:5      | Reached skill level 5 in Stealth
  5701 | D:6      | Found a shimmering altar of Xom.
  5724 | D:6      | Reached skill level 6 in Short Blades
  5788 | D:6      | Found an iron altar of Okawaru.
  5871 | D:6      | Found a staircase to the Ecumenical Temple.
  5878 | Temple   | Entered the Ecumenical Temple
  5906 | Temple   | Became a worshipper of Gozag Ym Sagoz the Greedy
  5931 | D:6      | Found a glowing drain.
  5940 | Sewer    | Entered a sewer
  6583 | D:6      | Reached skill level 7 in Short Blades
  6606 | D:6      | Reached XP level 9. HP: 30/63 MP: 15/15
  7011 | D:6      | Reached skill level 8 in Short Blades
  7730 | D:7      | Reached skill level 9 in Short Blades
  7735 | D:7      | Found a blossoming altar of Fedhas.
  7953 | D:7      | Found an ornate altar of the Wu Jian Council.
  8283 | D:7      | Reached skill level 5 in Evocations
  8363 | D:8      | Noticed a two-headed ogre
  8443 | D:7      | HP: 3/63 [two-headed ogre (10)]
  8443 | D:7      | Slain by a two-headed ogre

Skill      XL: |  1  2  3  4  5  6  7  8  9 |
---------------+----------------------------+-----
Short Blades   | 2 3 4 5 7 9 |  9.7
Dodging        | 3 4 |  4.0
Fighting       | 1 2 3 4 |  4.0
Ice Magic      | 1 2 3 4 |  4.0
Stealth        | 4 5 7 |  7.4
Hexes          | 4 |  4.0
Spellcasting   | 3 4 |  4.0
Evocations     | 1 3 5 |  5.0

Action                   |  1- 3 |  4- 6 |  7- 9 || total
-------------------------+-------+-------+-------++-------
Melee: Dagger            |   190 |   212 |   519 ||   921
 Cast: Corona            |     4 |     5 |     1 ||    10
       Ensorcelled Hiber |     4 |    16 |    76 ||    96
       Confuse           |       |       |    10 ||    10
       Dazzling Spray    |       |       |     6 ||     6
       Tukima's Dance    |       |       |     5 ||     5
 Abil: Evoke Invisibilit |       |       |     1 ||     1
  Use: Scroll            |       |       |     9 ||     9
       Potion            |       |       |     2 ||     2
 Stab: Sleeping          |    13 |    15 |    42 ||    70
       Confused          |       |       |     5 ||     5
       Distracted        |       |       |     4 ||     4
       Invisible         |       |       |     3 ||     3
  Eat: Chunk             |     3 |     7 |    11 ||    21
       Ration            |       |       |     3 ||     3
Armor: Robe              |    43 |    32 |       ||    75
       Leather armour    |       |    57 |   109 ||   166
Dodge: Dodged            |   123 |   191 |   292 ||   606
